 Dungeon Crawl Stone Soup version 0.31-a0-1091-g283494c966 (webtiles) character file.

Game seed: 7506147300220761453

34925 Chimkentus the Thaumaturge (level 13, -7/77 HPs)
             Began as an Octopode Venom Mage on Nov 28, 2023.
             Was a High Priest of Hepliaklqana.
             Mangled by a death yak (21 damage)
             ... on level 5 of the Lair of Beasts.
             The game lasted 02:00:45 (17571 turns).

Chimkentus the Thaumaturge (Octopode Venom Mage)   Turns: 17571, Time: 02:00:46

Health: -7/77      AC:  1    Str: 14    XL:     13   Next: 80%
Magic:  1/27       EV: 19    Int: 31    God:    Hepliaklqana [*****.]
Gold:   241        SH:  7    Dex: 12    Spells: 5/32 levels left

rFire   . . .        e - staff of Ybryo {rPois Str+3 SInv Poison}
rCold   + + +        M - +2 buckler
rNeg    . . .        (helmet restricted)
rPois   +            (no amulet)
rElec   .            k - ring of protection from cold
rCorr   .            l - +6 ring of intelligence
SInv    +            q - ring of protection from cold
Will    .....        t - ring of protection from cold
Stlth   ++++         h - +5 ring of evasion
HPRegen 0.32/turn    J - ring of wizardry
MPRegen 0.20/turn    N - +6 ring of intelligence
                     (no ring)

%: wizardry (x1)
@: no status effects
A: reduced essence, almost no armour, amphibious, 8 rings, camouflage 1,
gelatinous body 1, (nimble swimmer 1), tentacles
a: Renounce Religion, Recall Ancestor, Ancestor Identity, Transference, Idealise


You were on level 5 of the Lair of Beasts.
You worshipped Hepliaklqana.
Hepliaklqana was extremely pleased with you.
You visited 3 branches of the dungeon, and saw 16 of its levels.

You collected 719 gold pieces.
You spent 478 gold pieces at shops.

Inventory:

Hand Weapons
 c - a +1 battleaxe
 d - a +0 sling
 u - a +0 morningstar of freezing
 v - a +6 flail of protection
 z - a +0 trident of protection
 E - a +2 battleaxe of distortion
 F - a +2 halberd
 K - a +1 dagger of venom
 X - the +8 falchion "Qeixomp" {protect, Will+ MP+9 Stlth+}
   (You found it on level 4 of the Lair of Beasts)

   Will+:     It increases your willpower.
   MP+9:      It affects your magic capacity (+9).
   Stlth+:    It makes you more stealthy.
Missiles
 x - 2 poisoned darts
 H - 10 boomerangs
 I - a javelin
 L - 3 curare-tipped darts (quivered)
Armour
 C - a +0 kite shield
 M - a +2 buckler (worn)
Magical Staves
 e - the staff of Ybryo (weapon) {rPois Str+3 SInv Poison}
   (You acquired it on level 8 of the Dungeon)

   [staff of poison]

   Base accuracy: +5 Base damage: 5 Base attack delay: 1.2 This weapon's minimum
   attack delay (0.6) is reached at skill level 12.
   Str+3:     It affects your strength (+3).
   rPois:     It protects you from poison SInv: It lets you see invisible.
   Poison:    It increases the power of your Poison spells.
   It falls into the 'Staves' category.
   It is a one-tentacled weapon.
Jewellery
 h - a +5 ring of evasion (on tentacle)
 k - a ring of protection from cold (left tentacle)
 l - a +6 ring of intelligence (right tentacle)
 q - a ring of protection from cold (on tentacle)
 t - a ring of protection from cold (on tentacle)
 y - a ring of flight
 J - a ring of wizardry (on tentacle)
 N - a +6 ring of intelligence (on tentacle)
 Q - a ring of ice
Talismans
 T - a maw talisman
Wands
 w - a wand of quicksilver (3)
 D - a wand of flame (13)
 G - a wand of roots (7)
 U - a wand of charming (1)
Scrolls
 n - 13 scrolls of teleportation
 o - 3 scrolls of brand weapon
 p - 3 scrolls of fear
 r - 3 scrolls of fog
 s - 2 scrolls of enchant weapon
 A - 2 scrolls of vulnerability
 B - 2 scrolls of immolation
 S - 2 scrolls of poison
 V - a scroll of revelation
Potions
 a - 5 potions of magic
 f - 3 potions of brilliance
 i - 4 potions of attraction
 j - a potion of invisibility
 m - 2 potions of lignification
 O - 2 potions of curing
 P - 2 potions of berserk rage
 W - a potion of enlightenment {unknown}
 Y - a potion of cancellation {unknown}
Miscellaneous
 b - a phial of floods (inert)
 R - a sack of spiders


   Skills:
 * Level 7.5 Fighting
 + Level 0.7(2.0) Axes
 + Level 2.9(3.3) Maces & Flails
 + Level 2.1(2.8) Staves
 + Level 1.9 Throwing
 + Level 4.7 Dodging
 + Level 5.7 Stealth
 * Level 4.5 Shields
 + Level 2.0 Unarmed Combat
 + Level 10.3 Spellcasting
 + Level 7.6 Conjurations
 * Level 7.3 Hexes
 + Level 5.4 Transmutations
 + Level 2.6 Fire Magic
 + Level 2.8 Air Magic
 - Level 9.0 Poison Magic
 * Level 9.0 Invocations
 + Level 2.9 Evocations
 * Level 3.1 Shapeshifting


You had 5 spell levels left.
You knew the following spells:

 Your Spells              Type           Power      Damage    Failure   Level
a - Sting                 Tmut/Pois      100%       1d8       1%          1
b - Mephitic Cloud        Conj/Pois/Air  71%        N/A       1%          3
c - Olgreb's Toxic Radia  Pois           82%        N/A       1%          4
d - Dazzling Flash        Conj/Hex       100%       N/A       1%          3
e - Jinxbite              Hex            100%       N/A       1%          2
f - Inner Flame           Hex/Fire       47%        N/A       1%          3
g - Yara's Violent Unrav  Hex/Tmut       27%        3d12      3%          5
h - Eringya's Noxious Bo  Tmut/Pois      37%        4d6       13%         6

Your spell library contained the following spells:

 Spells                   Type           Power      Damage    Failure   Level
 Apportation              Tloc           32%        N/A       1%          1
 Kiss of Death            Conj/Necr      100%       2d13      1%          1
 Magic Dart               Conj           100%       1d8       1%          1
 Necrotise                Necr           64%        1d7       1%          1
 Summon Small Mammal      Summ           64%        N/A       1%          1
 Poisonous Vapours        Pois/Air       100%       N/A       1%          2
 Confusing Touch          Hex            58%        N/A       1%          3
 Summon Guardian Golem    Hex/Summ       38%        N/A       1%          3
 Call Imp                 Summ           32%        N/A       2%          2
 Alistair's Intoxication  Tmut/Pois      49%        N/A       2%          5
 Call Canine Familiar     Summ           16%        N/A       4%          3
 Silence                  Hex/Air        23%        N/A       6%          5
 Dispel Undead            Necr           16%        3d10      16%         4
 Agony                    Necr           16%        N/A       41%         5
 Borgnjor's Vile Clutch   Necr/Erth      8%         N/A       41%         5
 Enfeeble                 Hex            29%        N/A       52%         7


Dungeon Overview and Level Annotations

Branches:
Dungeon (10/15)            Temple (1/1) D:4            Lair (5/5) D:8
 Shoals (0/4) Lair:2       Spider (0/4) Lair:2        Slime (0/5) Lair:4
    Orc (0/2) D:10

Altars:
Ashenzari
Cheibriados
Dithmenos
Elyvilon
Fedhas
Gozag
Hepliaklqana
Kikubaaqudgha
Makhleb
Nemelex Xobeh
Okawaru
Qazlal
Ru
Sif Muna
Trog
Uskayaw
Vehumet
Wu Jian
Xom
Yredelemnul
Zin
The Shining One

Shops:
D:8 ?   D:9 ?   D:10 *

Annotations:
Lair:3 exclusion: 2 oklob plants
Lair:5 1 exclusion


Innate Abilities, Weirdness & Mutations

Your life essence is reduced to manifest your ancestor. (-10% HP)
You cannot wear most types of armour.
You are amphibious.
You can wear up to eight rings at the same time.
Your skin changes colour to match your surroundings (Stealth+).
Your rubbery body absorbs attacks. (AC +1, EV +1)
((You are camouflaged when in or above water. (Stealth+)))
You have tentacles for arms and can constrict up to eight enemies at once.


Message History

The death yak misses you.
Ntombi hits the death yak with a +0 quarterstaff!
The death yak dies!
Your Invocations skill increases to level 9!
The yak looks more healthy.
The death yak is engulfed in blazing flames. x2
Ntombi casts a spell at the yak.
The stone arrow hits the yak!!
Found a blue potion.
The death yak is engulfed in blazing flames.
The death yak attacks as it pursues you!
The death yak gores you!!
* * * LOW HITPOINT WARNING * * *
The death yak attacks as it pursues you!
The death yak barely misses you.
The yak is engulfed in blazing flames.
The yak gores Ntombi!
Ntombi points at the yak and mumbles some strange words.
The stone arrow hits the yak!
The yak dies!
Okay, then.
You feel much better. The death yak misses you. x2
Casting: Inner Flame (safe; 1% risk of failure)
Confirm with . or Enter, or press ? or * to list all spells.
Aiming: Mephitic Cloud (safe; 1% risk of failure)
Press: ? - help, Shift-Dir - straight line, f - death yak
Aim: a death yak (heavily wounded, ally target, chance to affect: 34%)
You feel a surge of power!
The ball explodes into a vile cloud!
The stinking cloud engulfs the death yak but does no damage.
The death yak is heavily wounded.
The stinking cloud engulfs you but does no damage.
The stinking cloud engulfs the yak but does no damage.
The yak is heavily wounded.
The stinking cloud engulfs the death yak but does no damage.
The death yak is moderately wounded.
The yak is engulfed in noxious fumes.
The yak appears confused.
The yak gores you!
* * * LOW HITPOINT WARNING * * *
The death yak is engulfed in noxious fumes.
The death yak gores you!!
You die...

,,,,,,,** ##......** ****,,,,*
,,,,,,,,###......### ******
,,,,,,,,....8......###
,,,,,,,,.......†8....#######
,,,,,,,,.....8.............######
,,,,,,,,.....§○...8..............
,,,,,,,,...8.†R..................
,,,,,,,Y.....§☼YY................
,,,,,,,,......§Y@................
,,,,,,,,......§.§................
,,,,,,,,.........................
,,,,,,,,..................)......
,,,,,,,,.........................
,,,,,,,,..........÷..÷..÷÷.......
,*,*,**,.....##.###..............
,,*****,,..####!####........###.P
,,*,**,,,,,*#..##..#R..#.#.<##.##


You could see the friendly Ntombi the battlemage, 2 death yaks and a yak
(confused).

Vanquished Creatures
  3 hydras
  A catoblepas (Lair:5)
  5 death yaks
  Sonja (Lair:5)
  A skyshark (Lair:3)
  A merfolk siren (Lair:2)
  3 cane toads (Lair:1)
  2 rime drakes
  Psyche (D:9)
  3 komodo dragons
  2 merfolk (Lair:2)
  A polar bear (Lair:5)
  3 blink frogs
  A dream sheep (Lair:3)
  20 yaks
  A basilisk (Lair:3)
  A vampire mosquito (D:9)
  A redback (Lair:2)
  A water moccasin (Lair:3)
  4 orc warriors
  3 black bears
  4 centaurs
  3 phantoms
  2 scorpions
  4 bullfrogs
  A gnoll sergeant (D:6)
  13 wights
  Dowan (D:6)
  7 killer bees (D:9)
  An electric eel (Lair:2)
  3 hounds
  4 orc priests
  A jelly (D:4)
  7 iguanas
  A battlemage (Lair:2)
  8 orc wizards
  4 gnolls (D:6)
  11 adders
  2 river rats (D:8)
  A white imp (D:7)
  4 ufetubi
  2 dart slugs
  23 orcs
  7 ball pythons
  9 endoplasms
  3 giant cockroaches
  5 hobgoblins
  4 jackals (D:1)
  3 quokkas
  4 bats
  3 frilled lizards
  13 goblins
  7 kobolds
  4 rats
228 creatures vanquished.

Vanquished Creatures (collateral kills)
  Erolcha (D:9)
  A catoblepas (Lair:5)
  5 death yaks
  A two-headed ogre (D:10)
  A skyshark (Lair:5)
  A wolf spider (Lair:2)
  3 black mambas
  A gargoyle (D:10)
  6 cane toads
  4 rime drakes
  A torpor snail (Lair:1)
  A komodo dragon (Lair:4)
  A troll (D:10)
  A merfolk (Lair:2)
  A polar bear (Lair:3)
  5 blink frogs
  7 dream sheep
  2 slime creatures (Lair:4)
  6 wyverns
  10 yaks
  A vampire mosquito (D:9)
  2 basilisks
  A steam dragon (D:9)
  An acid dragon (D:9)
  3 water moccasins
  4 centaurs
  A kobold brigand (D:8)
  3 bullfrogs
  A gnoll sergeant (D:9)
  A wight (D:7)
  4 killer bees (D:9)
  2 howler monkeys (D:7)
  2 jellies (Lair:4)
  2 orc wizards
  3 orcs
90 creatures vanquished.

Vanquished Creatures (others)
  5 dream sheep (D:10)
  Duvessa (D:6)
  8 battlemagi
  4 ancestors
18 creatures vanquished.

Grand Total: 336 creatures vanquished

Notes
Turn   | Place    | Note
-------+----------+-------------------------------------------
     0 | D:1      | Chimkentus the Octopode Venom Mage began the quest for the
                  | Orb.
     0 | D:1      | Reached XP level 1. HP: 11/11 MP: 3/3
   160 | D:1      | Reached XP level 2. HP: 17/17 MP: 1/5
   681 | D:1      | Reached XP level 3. HP: 21/21 MP: 4/6
   791 | D:2      | Learned a level 3 spell: Mephitic Cloud
   826 | D:2      | Found a shadowy altar of Dithmenos.
   937 | D:2      | Reached skill level 1 in Conjurations
   983 | D:2      | Reached XP level 4. HP: 21/27 MP: 3/7
  1045 | D:2      | Reached skill level 1 in Unarmed Combat
  1892 | D:3      | Found a faded altar of an unknown god.
  2672 | D:4      | Reached XP level 5. HP: 18/32 MP: 4/8
  2677 | D:4      | Learned a level 4 spell: Olgreb's Toxic Radiance
  3022 | D:4      | Noticed a black bear
  3087 | D:4      | Killed a black bear
  3088 | D:4      | Reached XP level 6. HP: 37/37 MP: 1/9
  3175 | D:4      | Found a hide-covered altar of Uskayaw.
  3298 | D:4      | Found a staircase to the Ecumenical Temple.
  3312 | Temple   | Entered the Ecumenical Temple
  3323 | Temple   | Became a worshipper of Hepliaklqana the Forgotten
  3509 | D:4      | Found a shadowy altar of Dithmenos.
  3705 | D:5      | Entered Level 5 of the Dungeon
  3971 | D:4      | Reached skill level 1 in Invocations
  4268 | D:4      | HP: 1/37 [phantom (7)]
  4285 | D:4      | Reached skill level 1 in Fighting
  4285 | D:4      | Reached skill level 1 in Maces & Flails
  4285 | D:4      | Reached skill level 5 in Poison Magic
  4285 | D:4      | Reached XP level 7. HP: 20/43 MP: 10/10
  4505 | D:5      | Learned a level 3 spell: Dazzling Flash
  4894 | D:5      | Reached skill level 3 in Spellcasting
  4894 | D:5      | Reached skill level 1 in Hexes
  5075 | D:5      | Reached XP level 8. HP: 43/48 MP: 9/12
  5491 | D:6      | Noticed Duvessa
  5491 | D:6      | Noticed Dowan
  6333 | D:6      | Reached * piety under Hepliaklqana
  7093 | D:5      | Reached XP level 9. HP: 48/48 MP: 12/14
  7468 | D:7      | Reached skill level 4 in Spellcasting
  7563 | D:6      | Killed Dowan
  7563 | D:6      | Killed Duvessa
  7564 | D:6      | Reached skill level 1 in Air Magic
  7804 | D:7      | Learned a level 2 spell: Jinxbite
  7808 | D:7      | Learned a level 3 spell: Inner Flame
  7828 | D:7      | Reached ** piety under Hepliaklqana
  7829 | D:7      | Remembered your ancestor Ntombi as a battlemage
  7976 | D:7      | Reached skill level 5 in Conjurations
  8488 | D:8      | Reached skill level 5 in Invocations
  8632 | D:8      | Reached skill level 1 in Fire Magic
  8758 | D:8      | Identified a scroll of acquirement
  8759 | D:8      | Acquired the staff of Ybryo {rPois Str+3 SInv Poison}
  8813 | D:8      | Found a burning altar of Makhleb.
  8813 | D:8      | Found an iron altar of Okawaru.
  8818 | D:8      | Found a glowing golden altar of the Shining One.
  8989 | D:8      | Noticed a death yak
  8997 | D:8      | Noticed a death yak
  9000 | D:8      | Noticed a death yak
  9001 | D:8      | Killed a death yak
  9002 | D:8      | Reached skill level 1 in Throwing
  9002 | D:8      | Reached skill level 5 in Spellcasting
  9002 | D:8      | Reached XP level 10. HP: 56/56 MP: 2/17
  9170 | D:8      | Killed a death yak
  9175 | D:8      | Killed a death yak
  9176 | D:8      | Reached skill level 1 in Evocations
  9337 | D:8      | Found a staircase to the Lair.
  9384 | D:8      | Reached skill level 6 in Spellcasting
  9464 | D:8      | Found a blossoming altar of Fedhas.
  9607 | D:8      | Found Jejoh's Magic Scroll Boutique.
  9610 | D:8      | Bought a scroll of identify for 30 gold pieces
  9610 | D:8      | Bought a scroll of identify for 30 gold pieces
  9610 | D:8      | Bought a scroll of identify for 30 gold pieces
  9610 | D:8      | Bought a scroll of teleportation for 45 gold pieces
  9610 | D:8      | Bought a scroll of teleportation for 45 gold pieces
  9613 | D:8      | Bought a scroll of fear for 60 gold pieces
  9772 | Lair:1   | Entered Level 1 of the Lair of Beasts
  9779 | Lair:1   | Learned a level 5 spell: Yara's Violent Unravelling
  9798 | Lair:1   | Reached *** piety under Hepliaklqana
  9831 | Lair:1   | Noticed a cane toad
  9841 | Lair:1   | Killed a cane toad
  9928 | Lair:1   | Noticed a torpor snail
  9938 | Lair:1   | Reached skill level 5 in Stealth
  9938 | Lair:1   | Killed a torpor snail
  9945 | Lair:1   | Noticed a cane toad
  9955 | Lair:1   | Killed a cane toad
  9956 | Lair:1   | Reached XP level 11. HP: 63/63 MP: 4/21
 10197 | Lair:1   | Reached skill level 7 in Spellcasting
 10624 | Lair:1   | Reached skill level 5 in Fighting
 10624 | Lair:1   | Reached skill level 1 in Staves
 10624 | Lair:1   | Reached skill level 5 in Hexes
 10839 | Lair:2   | Found a staircase to the Shoals.
 10924 | Lair:2   | Reached **** piety under Hepliaklqana
 11094 | Lair:2   | Noticed an eight-headed hydra
 11131 | Lair:2   | Noticed a wolf spider
 11135 | Lair:2   | Killed a wolf spider
 11212 | Lair:2   | Noticed a death yak
 11253 | Lair:2   | Noticed a death yak
 11255 | Lair:2   | Noticed a death yak
 11256 | Lair:2   | Noticed a death yak
 11269 | Lair:2   | Killed a death yak
 11564 | Lair:2   | Killed a death yak
 11565 | Lair:2   | Reached skill level 8 in Spellcasting
 11772 | Lair:1   | Killed a death yak
 11773 | Lair:1   | Reached XP level 12. HP: 70/70 MP: 15/24
 11841 | D:9      | Noticed Psyche
 11848 | D:9      | Killed Psyche
 12112 | D:9      | Found Yraick's Magic Scroll Boutique.
 12118 | D:9      | Bought a scroll of immolation for 56 gold pieces
 12118 | D:9      | Bought a scroll of fear for 56 gold pieces
 12118 | D:9      | Bought a scroll of teleportation for 42 gold pieces
 12118 | D:9      | Bought a scroll of identify for 28 gold pieces
 12230 | D:9      | Noticed Erolcha
 12237 | D:9      | Killed Erolcha
 12554 | D:9      | Reached skill level 1 in Shields
 12628 | D:9      | Found a sparkling altar of Nemelex Xobeh.
 12945 | D:9      | Bought a scroll of poison for 56 gold pieces
 12977 | D:10     | Entered Level 10 of the Dungeon
 13118 | D:10     | Found Ynaunaut's Assorted Antiques.
 13118 | D:10     | Found a staircase to the Orcish Mines.
 13299 | D:10     | Found a shimmering altar of Xom.
 13413 | D:10     | Found a shimmering blue altar of Sif Muna.
 13654 | D:10     | Noticed a two-headed ogre
 13660 | D:10     | Killed a two-headed ogre
 13661 | D:10     | Reached skill level 9 in Spellcasting
 13791 | D:10     | Reached ***** piety under Hepliaklqana
 14136 | Lair:2   | Killed a death yak
 14311 | Lair:2   | Killed an eight-headed hydra
 14317 | Lair:2   | Reached skill level 5 in Transmutations
 14324 | Lair:2   | Learned a level 6 spell: Eringya's Noxious Bog
 14604 | Lair:2   | Found a hole to the Spider Nest.
 14927 | Lair:3   | Noticed a skyshark
 14958 | Lair:3   | Killed a skyshark
 14959 | Lair:3   | Reached skill level 1 in Shapeshifting
 15139 | Lair:3   | Noticed an eight-headed hydra
 15148 | Lair:3   | Killed an eight-headed hydra
 15149 | Lair:3   | Reached XP level 13. HP: 76/76 MP: 20/26
 16562 | Lair:4   | Reached skill level 10 in Spellcasting
 16685 | Lair:4   | Identified the +8 falchion "Qeixomp" {protect, Will+ MP+9
                  | Stlth+}
 16912 | Lair:4   | Found a staircase to the Slime Pits.
 17204 | Lair:5   | Entered Level 5 of the Lair of Beasts
 17209 | Lair:5   | Noticed Sonja
 17221 | Lair:5   | Killed Sonja
 17571 | Lair:5   | Mangled by a death yak

Illustrated notes

Levels and vault maps discovered:
D:1:      lightli_arrival_statuegarden, layout_basic, minmay_fountain_box,
          serial_park_tiny_pond
D:2:      layout_basic, basic_altar, minmay_heptomino_w4
D:3:      minmay_general_purpose_star, layout_rooms,
          dreamdust_ecumenical_altar_angels_and_demons
D:4:      layout_gridville, lemuel_coloured_pillars_altar,
          eat_drink_and_be_merry_uskayaw, minmay_temple_entry_slanted,
          minmay_misc_feat_ornament
D:5:      layout_rooms
D:6:      layout_basic, uniq_duvessa
D:7:      layout_basic
D:8:      layout_loops_ring, minitemple, fedhas_bush_and_centaur_altar,
          dpeg_lair_monsters, serial_shops, nicolae_shop_real_fake_doors,
          hangedman_abyss_or_decor_slice
D:9:      layout_gridville, overflow_temple_1_default, serial_shops, shop,
          dreamdust_mushroom_princess, minmay_quadrilaterals, uniq_psyche,
          uniq_erolcha
D:10:     layout_stronghold, kb_xom_exploding_sheep, old_standard_altar,
          orc_0_dummy, serial_shops, nicolae_shop_overgrown_old_shop
Temple:   nicolae_temple_figure_eight
Lair:1:   layout_regular_city, serial_forest, infiniplex_forest_clump_tiny,
          infiniplex_forest_lined_2, infiniplex_forest_lined_3,
          infiniplex_forest_clump_cross, infiniplex_forest_pool,
          infiniplex_forest_3_way, infiniplex_forest_lined_room_
Lair:2:   layout_roguey, elwin_shoals_entry_stream,
          spider_nest_entry_funnel_web, minmay_hedge_maze,
          infiniplex_staircase_pool
Lair:3:   layout_roguey, minivault_25, dpeg_oklob_1, grunt_megastairs_3
Lair:4:   layout_concentric_octagons, minmay_slime_entry_pillars,
          infiniplex_staircase_pool_2
Lair:5:   evilmike_catoblepas_cave, layout_regular_city, serial_bayou_shore_b,
          uniq_sonja

Skill      XL: |  1  2  3  4  5  6  7  8  9 10 11 12 13 |
---------------+----------------------------------------+-----
Poison Magic   | 4 5 6 7 8 9 |  9.0
Conjurations   | 1 2 3 4 5 6 7 |  7.6
Unarmed Combat | 1 2 |  2.0
Transmutations | 2 3 4 5 |  5.4
Stealth        | 3 4 5 |  5.7
Invocations    | 1 2 4 5 6 7 8 9 |  9.0
Fighting       | 1 2 3 4 5 6 7 |  7.5
Maces & Flails | 1 2 |  2.9
Spellcasting   | 3 5 6 8 9 10 | 10.3
Hexes          | 1 2 3 4 5 6 7 |  7.3
Dodging        | 3 4 |  4.7
Air Magic      | 1 2 |  2.8
Fire Magic     | 1 2 |  2.6
Throwing       | 1 |  1.9
Evocations     | 1 2 |  2.9
Staves         | 1 2 |  2.1
Shields        | 2 4 |  4.5
Shapeshifting  | 1 3 |  3.1
Axes           | |  0.7

Action                     |  1- 3 |  4- 6 |  7- 9 | 10-12 | 13-15 || total
---------------------------+-------+-------+-------+-------+-------++-------
  Melee: Unarmed           |    12 |       |       |       |       ||    12
         Constrict         |     9 |    12 |    33 |    11 |     7 ||    72
         Tentacles         |     6 |     9 |    21 |    33 |    14 ||    83
         Hand axe          |    25 |    13 |       |       |       ||    38
         Punch             |     1 |     5 |       |     3 |       ||     9
         Morningstar       |       |    25 |       |       |       ||    25
         Flail             |       |    23 |   111 |       |       ||   134
         Staff             |       |       |     1 |    84 |    40 ||   125
  Throw: Javelin           |       |    11 |     4 |       |       ||    15
         Boomerang         |       |       |    13 |    16 |       ||    29
         Dart              |       |       |       |     2 |     1 ||     3
   Cast: Sting             |    35 |    82 |    88 |    52 |    23 ||   280
         Mephitic Cloud    |     1 |    11 |    27 |    45 |    22 ||   106
         Olgreb's Toxic Ra |       |       |     7 |    29 |    17 ||    53
         Inner Flame       |       |       |     4 |    21 |     7 ||    32
         Jinxbite          |       |       |     1 |       |       ||     1
         Dazzling Flash    |       |       |       |     3 |       ||     3
 Invoke: Recall Ancestor   |       |       |     2 |     3 |       ||     5
         Ancestor Life: Ba |       |       |     1 |       |       ||     1
         Ancestor Identity |       |       |     1 |       |       ||     1
         Idealise          |       |       |       |     1 |     1 ||     2
  Evoke: Wand              |       |     4 |     7 |    24 |     7 ||    42
         Sack of spiders   |       |       |       |     2 |       ||     2
         Phial of floods   |       |       |       |       |     1 ||     1
    Use: Potion            |       |     8 |     1 |     1 |     1 ||    11
         Scroll            |       |     4 |    12 |     8 |     2 ||    26
   Stab: Confused          |       |     2 |     4 |     5 |       ||    11
         Sleeping          |       |       |       |     2 |       ||     2
         Distracted        |       |       |       |     1 |       ||     1
 Armour: Skin              |    19 |    54 |    72 |    47 |    22 ||   214
  Dodge: Dodged            |    27 |    55 |    80 |    56 |    30 ||   248
  Block: Buckler           |       |       |       |    13 |     8 ||    21

Table legend: (Time is in decaauts)
 A = Elapsed time spent in this place.
 B = Non-inter-level travel time spent in this place.
 C = Inter-level travel time spent in this place.
 D = Time resting spent in this place.
 E = Time spent auto-exploring this place.
 F = Levels seen in this place.
 G = Mean time per level.
                   A        B        C        D        E       F      G
               +--------+--------+--------+--------+--------+-----+--------+
         Total |  17639 |  16593 |   1046 |    693 |  12644 |  16 | 1102.4 |
       Dungeon |  12055 |  11240 |    815 |    387 |   8532 |  10 | 1205.5 |
        Temple |     20 |      2 |     18 |      0 |      0 |   1 |   20.0 |
          Lair |   5562 |   5350 |    212 |    306 |   4112 |   5 | 1112.4 |
               +--------+--------+--------+--------+--------+-----+--------+

Top non-repeatable levels by time:
     D:6: 1889 daAuts
     D:4: 1640 daAuts
  Lair:1: 1584 daAuts
     D:8: 1308 daAuts
  Lair:2: 1269 daAuts
  Lair:4: 1235 daAuts
     D:9: 1174 daAuts
     D:5: 1163 daAuts
     D:7: 1132 daAuts
  Lair:3: 1104 daAuts
     D:2: 1074 daAuts
    D:10: 1051 daAuts
     D:3: 833 daAuts
     D:1: 787 daAuts
  Lair:5: 368 daAuts
